 Dungeon Sprint DCSS version 0.28-a0-79-g444c7a33f5 (webtiles) character file.

Game seed: 794312364486805232

1295 Zeldest the Covert (level 8, 0/55 HPs)
             Began as a Kobold Brigand on Aug 2, 2021.
             Was a Priest of Dithmenos.
             Slain by a slime creature (13 damage)
             ... in the Dungeon (Sprint IX: "|||||||||||||||||||||||||||||").
             The game lasted 00:01:51 (136 turns).

Zeldest the Covert (Kobold Brigand)                  Turns: 136, Time: 00:01:52

Health: 0/55       AC:  6    Str:  8    XL:     8   Next: 86%
Magic:  7/14       EV: 23    Int: 12    God:    Dithmenos [***...]
Gold:   0          SH:  0    Dex: 19    Spells: 7/7 levels left

rFire   . . .      SeeInvis .   a - +2 dagger
rCold   . . .      Faith    .   (shield restricted)
rNeg    . . .      Spirit   .   b - +0 robe
rPois   .          Reflect  .   (no helmet)
rElec   .          Harm     .   c - +0 cloak
rCorr   .          Rampage  .   q - +0 pair of gloves
Will    .....      NoTele   +   (no boots)
Stlth   +++++++++.              (no amulet)
HPRegen 0.18/turn               r - +2 ring of evasion
MPRegen 0.14/turn               s - +2 ring of protection

@: very slightly contaminated, slowed, wreathed by umbra, invisible (expiring),
very slow
A: small, no large weapons, nightstalker 3
a: Renounce Religion, Shadow Step


You were in the Dungeon.
You worshipped Dithmenos.
Dithmenos was most pleased with you.
You visited 1 branch

Inventory:

Hand Weapons
 a - a +2 dagger (weapon)
 o - a +2 rapier of draining
 p - a +2 scimitar of holy wrath
Missiles
 d - 8 poisoned darts (quivered)
 e - 2 curare-tipped darts
Armour
 b - a +0 robe (worn)
 c - a +0 cloak (worn)
 q - a +0 pair of gloves (worn)
Jewellery
 r - a +2 ring of evasion (left hand)
 s - a +2 ring of protection (right hand)
Wands
 n - a wand of acid (5)
Scrolls
 k - 2 scrolls of blinking
 m - 2 scrolls of amnesia
Potions
 f - 5 potions of curing
 g - 3 potions of heal wounds
 h - a potion of haste
 i - 4 potions of magic
 j - a potion of berserk rage


   Skills:
 + Level 8.7 Fighting
 + Level 11.0 Short Blades
 - Level 2.1 Throwing
 + Level 10.0 Dodging
 + Level 13.7 Stealth
 + Level 8.3 Invocations


You had 7 spell levels left.
You didn't know any spells.
Your spell library was empty.

Dungeon Overview and Level Annotations

Branches:
Dungeon (1/1)

Altars:
Cheibriados
Dithmenos
Elyvilon
Fedhas
Gozag
Hepliaklqana
Kikubaaqudgha
Makhleb
Nemelex Xobeh
Okawaru
Qazlal
Ru
Sif Muna
Trog
Uskayaw
Vehumet
Wu Jian
Xom
Yredelemnul
Zin
The Shining One
Beogh
Jiyva
Lugonu


Innate Abilities, Weirdness & Mutations

You are small and have problems with some larger weapons.
You are completely attuned to the shadows.


Message History

The slime creature is splashed with acid.
The slime creature is severely wounded.
The bolt of acid hits the six-headed hydra!
The six-headed hydra is splashed with acid.
The six-headed hydra seems to be corroded for longer.
The six-headed hydra is heavily wounded.
The six-headed hydra roars!
Your Fighting skill increases to level 8!
Aiming: Corrosive Bolt
Press: ? - help, Shift-Dir - straight line, f - slime creature
Aim: a slime creature (severely wounded, wandering, covered in acid, hasn't noticed you, umbra, 94% to hit)
The bolt of acid misses the slime creature.
The bolt of acid hits the six-headed hydra!
The six-headed hydra is splashed with acid.
The six-headed hydra seems to be corroded for longer.
The six-headed hydra is severely wounded.
The bolt of acid hits the gargoyle!
The gargoyle is splashed with acid.
The gargoyle seems to be corroded for longer.
You destroy the gargoyle!
Dithmenos accepts your kill.
You will now sometimes bleed smoke when heavily injured by enemies.
You flicker for a moment.
The slime creature closely misses you.
Your Short Blades skill increases to level 11!
Your Dodging skill increases to level 10!
Your Invocations skill increases to level 8!
Aiming: Corrosive Bolt
Press: ? - help, Shift-Dir - straight line, f/p - slime creature
Aim: a slime creature (severely wounded, wandering, covered in acid, hasn't noticed you, umbra, 94% to hit)
The bolt of acid hits the slime creature!
The slime creature is splashed with acid.
The slime creature seems to be corroded for longer.
The slime creature is almost dead.
The bolt of acid hits the six-headed hydra!
The six-headed hydra is splashed with acid!
The six-headed hydra seems to be corroded for longer.
You kill the six-headed hydra!
Dithmenos accepts your kill. The slime creature hits you!
You die... ▓▓▓▓▓▓▓▓▓▓▓▓▓▓▓▓▓▓▓▓▓ .)..[[..').†)..[@J..) ▓▓▓▓▓▓▓▓▓▓▓▓▓▓▓▓▓▓▓▓▓

You could see a slime creature (corroded).

Vanquished Creatures
  A hydra (D)
  A gargoyle (D)
  A tengu conjurer (D)
  A troll (D)
  A wraith (D)
  A yak (D)
  A basilisk (D)
  A killer bee (D)
  A wight (D)
  A howler monkey (D)
  A hound (D)
  An orc wizard (D)
  An adder (D)
  An ufetubus (D)
  A ball python (D)
  A hobgoblin (D)
  A frilled lizard (D)
  A kobold (D)
  A quokka skeleton (D)
  A quokka zombie (D)
  A rat (D)
21 creatures vanquished.

Notes
Turn   | Place    | Note
-------+----------+-------------------------------------------
     0 | D        | Zeldest the Kobold Brigand began the quest for the Orb.
     0 | D        | Reached XP level 1. HP: 12/12 MP: 1/1
     6 | D        | Reached skill level 6 in Stealth
    12 | D        | Reached skill level 7 in Stealth
    18 | D        | Noticed a hound
    23 | D        | Reached skill level 8 in Stealth
    23 | D        | Reached XP level 2. HP: 16/17 MP: 2/2
    39 | D        | Reached skill level 9 in Stealth
    39 | D        | Reached XP level 3. HP: 10/21 MP: 3/3
    39 | D        | Reached XP level 4. HP: 12/26 MP: 4/4
    42 | D        | Reached skill level 5 in Short Blades
    51 | D        | Found a snail-covered altar of Cheibriados.
    51 | D        | Found a shadowy altar of Dithmenos.
    52 | D        | Found a white marble altar of Elyvilon.
    53 | D        | Found a blossoming altar of Fedhas.
    54 | D        | Found an opulent altar of Gozag.
    55 | D        | Found a hazy altar of Hepliaklqana.
    56 | D        | Became a worshipper of Dithmenos the Shadowed
    57 | D        | Found a viscous altar of Jiyva.
    58 | D        | Found an ancient bone altar of Kikubaaqudgha.
    59 | D        | Found a corrupted altar of Lugonu.
    60 | D        | Found a burning altar of Makhleb.
    61 | D        | Found a sparkling altar of Nemelex Xobeh.
    62 | D        | Found an iron altar of Okawaru.
    63 | D        | Found a stormy altar of Qazlal.
    64 | D        | Found a sacrificial altar of Ru.
    65 | D        | Found a shimmering blue altar of Sif Muna.
    66 | D        | Found a bloodstained altar of Trog.
    67 | D        | Found a hide-covered altar of Uskayaw.
    68 | D        | Found a radiant altar of Vehumet.
    69 | D        | Found an ornate altar of the Wu Jian Council.
    70 | D        | Found a shimmering altar of Xom.
    71 | D        | Found a basalt altar of Yredelemnul.
    72 | D        | Found a glowing silver altar of Zin.
    73 | D        | Found a glowing golden altar of the Shining One.
   103 | D        | Noticed a yak
   106 | D        | Noticed a troll
   112 | D        | Reached skill level 5 in Dodging
   112 | D        | Reached skill level 10 in Stealth
   112 | D        | Reached XP level 5. HP: 18/33 MP: 4/7
   118 | D        | Killed a yak
   118 | D        | Reached * piety under Dithmenos
   119 | D        | Reached skill level 5 in Fighting
   119 | D        | Reached skill level 11 in Stealth
   119 | D        | Reached XP level 6. HP: 22/40 MP: 4/9
   120 | D        | Reached skill level 5 in Invocations
   122 | D        | Killed a troll
   123 | D        | Reached skill level 12 in Stealth
   123 | D        | Reached XP level 7. HP: 15/47 MP: 5/11
   123 | D        | Reached ** piety under Dithmenos
   127 | D        | Noticed a tengu conjurer
   127 | D        | Noticed a basilisk
   127 | D        | Noticed a wraith
   128 | D        | Killed a tengu conjurer
   129 | D        | Reached skill level 10 in Short Blades
   129 | D        | Reached XP level 8. HP: 19/54 MP: 5/13
   129 | D        | Noticed a slime creature
   130 | D        | Noticed a gargoyle
   131 | D        | Killed a basilisk
   132 | D        | Reached skill level 13 in Stealth
   133 | D        | Noticed a six-headed hydra
   134 | D        | Killed a wraith
   135 | D        | Killed a gargoyle
   135 | D        | Reached *** piety under Dithmenos
   136 | D        | Reached skill level 10 in Dodging
   136 | D        | Killed a six-headed hydra
   136 | D        | Slain by a slime creature

Illustrated notes

Levels and vault maps discovered:
D:        linesprint [early_d, line_temple, items_1, d_10, items_2, lair_1,
          lair_end, items_3, orc_1, orc_end, items_4, d_15, swamp_1, shoals_1,
          snake_1, spider_1, d_20, vaults_1, items_5, swamp_end, shoals_end,
          snake_end, spider_end, vaults_end, d_27, items_6, zot_1, zot_end,
          crypt_end, forest_end, elf_end, slime_end, tomb_end, abyss_end,
          pan_hell_end]

Skill      XL: |  1  2  3  4  5  6  7  8 |
---------------+-------------------------+-----
Stealth        | 8 9 10 11 12 13 | 13.7
Short Blades   | 4 6 7 9 10 11 | 11.0
Dodging        | 3 5 6 8 9 10 | 10.0
Fighting       | 3 5 6 7 8 |  8.7
Invocations    | 3 4 6 7 8 |  8.3
Throwing       | |  2.1

Action                   |  1- 3 |  4- 6 |  7- 9 || total
-------------------------+-------+-------+-------++-------
Melee: Dagger            |    27 |    21 |     3 ||    51
Evoke: Wand              |       |       |     5 ||     5
  Use: Potion            |       |     1 |       ||     1
 Stab: Sleeping          |     3 |     1 |       ||     4
       Invisible         |       |     5 |     2 ||     7
       Distracted        |       |       |     1 ||     1
Armor: Robe              |     8 |     1 |       ||     9
Dodge: Dodged            |    21 |    15 |     2 ||    38

Table legend: (Time is in decaauts)
 A = Elapsed time spent in this place.
 B = Non-inter-level travel time spent in this place.
 C = Inter-level travel time spent in this place.
 D = Time resting spent in this place.
 E = Time spent auto-exploring this place.
 F = Levels seen in this place.
 G = Mean time per level.
                   A        B        C        D        E       F      G
               +--------+--------+--------+--------+--------+-----+--------+
         Total |    124 |    124 |      0 |      0 |      0 |   1 |  124.0 |
       Dungeon |    124 |    124 |      0 |      0 |      0 |   1 |  124.0 |
               +--------+--------+--------+--------+--------+-----+--------+

Top non-repeatable levels by time:
       D: 124 daAuts
